 Dungeon Crawl Stone Soup version 0.20.1-1-g8b1a95d (webtiles) character file.

147 Monsterracer the Insei (level 5, -9/37 HPs)
             Began as a Barachi Transmuter on Sept 21, 2017.
             Mangled by an ogre
             ... wielding a +0 giant club
              (26 damage)
             ... on level 4 of the Dungeon.
             The game lasted 00:05:05 (3598 turns).

Monsterracer the Insei (Barachi Transmuter)         Turns: 3598, Time: 00:05:06

Health: -9/37      AC:  2    Str: 12    XL:     5   Next: 29%
Magic:  5/8        EV: 20    Int: 14    God:
Gold:   175        SH:  0    Dex: 17    Spells: 2/8 levels left

rFire    x . .     SeeInvis .     - Unarmed
rCold    + . .     Gourm    .   (shield currently unavailable)
rNeg     . . .     Faith    .   (armour currently unavailable)
rPois    x         Spirit   .   (helmet currently unavailable)
rElec    .         Reflect  .   (cloak currently unavailable)
rCorr    .         Harm     .   (gloves currently unavailable)
MR       .....                  (boots currently unavailable)
Stlth    +++.......             (no amulet)
Regen    0.2/turn               z - ring of stealth
MPRegen  0.2/turn               i - ring of ice

@: spider-form (expiring)
A: +LOS, swims
a: End Transformation


You were on level 4 of the Dungeon.
You were very hungry.
You were a venomous arachnid creature.
You visited 1 branch of the dungeon, and saw 4 of its levels.

You collected 175 gold pieces.

Inventory:

Missiles
 a - 91 arrows
Armour
 b - a +0 robe (melded)
 f - a +1 helmet (melded)
 p - a +0 ring mail
 y - a +0 scale mail
Jewellery
 i - a ring of ice (right front leg)
 z - a ring of stealth (left front leg)
Scrolls
 e - a scroll of amnesia {unknown}
 j - a scroll of identify
 k - a scroll of magic mapping
 q - a scroll of teleportation
 v - a scroll of remove curse
Potions
 g - 2 potions of lignification
 n - a potion of mutation {unknown}
 o - 2 potions of curing
 t - 2 potions of ambrosia
 x - 2 potions of heal wounds
Books
 c - a book of Changes

   Spells                             Type                      Level
   a - Beastly Appendage              Transmutation                1
   b - Sticks to Snakes               Transmutation                2
   c - Spider Form                    Transmutation/Poison         3
   d - Ice Form                       Ice/Transmutation            4
   e - Blade Hands                    Transmutation                5
Comestibles
 d - 4 bread rations
 h - 2 royal jellies
 m - 3 fruits
 u - a meat ration


   Skills:
 - Level 1.2 Fighting
 - Level 2.1 Dodging
 + Level 4.7 Unarmed Combat
 - Level 2.1 Spellcasting
 + Level 4.7 Transmutations


You had 2 spell levels left.
You knew the following spells:

 Your Spells              Type           Power        Failure   Level  Hunger
a - Beastly Appendage     Tmut           ##....       11%         1    #......
b - Sticks to Snakes      Tmut           ##......     14%         2    ###....
c - Spider Form           Tmut/Pois      #.........   47%         3    ###....


Dungeon Overview and Level Annotations

Branches:
Dungeon (4/15)             Temple (0/1) D:4

Altars:


Innate Abilities, Weirdness & Mutations

Shadows flee at your approach. (+LOS)
You can swim through water.
((You cover ground slowly.))
((You can hop short distances.))


Message History

The phantom blinks!
Huge Dmg: -16%(-6hp) hp: 41%(15hp)
You open the door.
A quokka skeleton comes into view.
An ogre comes into view. It is wielding a giant club.
Your transformation has ended.
Your +1 helmet unmelds from your body.
Your +0 robe unmelds from your body.
Found a staircase to the Ecumenical Temple.
There is an open door here.
The quokka skeleton closely misses you.
Casting: Spider Form
Confirm with . or Enter, or press ? or * to list all spells.
You turn into a venomous arachnid creature.
Your +1 helmet melds into your body.
Your +0 robe melds into your body.
The quokka skeleton barely misses you.
Your transformation is almost over.
The helpless ogre fails to defend itself.
You bite the ogre!
The ogre is poisoned.
The ogre is moderately wounded.
The ogre misses you.
You completely miss the ogre.
The ogre is moderately wounded.
The ogre misses you. The quokka skeleton bites you.
* * * LOW HITPOINT WARNING * * *
The phantom barely misses you.
Damage: -2%(-1hp) hp: 44%(16hp) Unknown command.
The ogre hits you with a giant club!!
Ouch! That really hurt!
You die...

*,*,****,***,,,****,* *.#
*,,,,***,,,,,<,,,,,,* *.#
*,,*,,*#,****,******* #.#
*,,,,,*#.* *,* ######.#
*,**#,*#.* ##+### #......####
*,**#.##.###....# #.........#
*,,,........⌠...###.W##..##.#
***,*,*#.........##..##..##.#
**,,,,**#.⌠.sO⌠...#..#...##.#
**,,,,,,,+..WZ.....'..........
*,,,,,,,*#...⌠.....#.........#
*,**,*,,*##.......##......####
*,***,,,**##.....######.###
*,**,,,,,* ##...## #.#
*,**,,,,,* ##+## #.#
*,**,,,,,* *,* #.# *,,>,,,,**
*,* #.#


You could see a phantom, an ogre and a quokka skeleton.

Vanquished Creatures
  3 gnolls (D:3)
  3 adders
  3 worms
  A dart slug (D:2)
  2 leopard geckos (D:2)
  5 orcs (D:3)
  7 giant cockroaches
  7 goblins
  8 hobgoblins
  3 jackals (D:1)
  2 quokkas (D:3)
  11 bats
  5 frilled lizards
  6 kobolds
  6 rats
72 creatures vanquished.

Notes
Turn   | Place    | Note
-------+----------+-------------------------------------------
     0 | D:1      | Monsterracer the Barachi Transmuter began the quest for the Orb.
     0 | D:1      | Reached XP level 1. HP: 15/15 MP: 3/3
   163 | D:1      | Reached XP level 2. HP: 21/21 MP: 5/5
   167 | D:1      | Learned a level 2 spell: Sticks to Snakes
   638 | D:1      | Reached XP level 3. HP: 23/26 MP: 6/6
   643 | D:1      | Learned a level 3 spell: Spider Form
  1253 | D:2      | Reached XP level 4. HP: 21/32 MP: 3/7
  2314 | D:3      | HP: 16/32 [giant cockroach (1)]
  2342 | D:3      | HP: 15/32 [goblin/club (2)]
  2539 | D:3      | Reached XP level 5. HP: 37/37 MP: 8/8
  3562 | D:4      | Noticed a phantom
  3579 | D:4      | HP: 15/37 [phantom (6)]
  3586 | D:4      | Found a staircase to the Ecumenical Temple.
  3586 | D:4      | Noticed an ogre
  3597 | D:4      | HP: 16/37 [quokka skeleton (1)]
  3598 | D:4      | Mangled by an ogre

Skill      XL: |  1  2  3  4 |
---------------+-------------+-----
Transmutations | 3 4 |  4.7
Unarmed Combat | 4 |  4.7
Fighting       | |  1.2
Dodging        | |  2.1
Spellcasting   | |  2.1

Action                   |  1- 3 |  4- 6 || total
-------------------------+-------+-------++-------
Melee: Unarmed           |   117 |   132 ||   249
       Kick              |     4 |       ||     4
       Headbutt          |     1 |       ||     1
       Punch             |     2 |     1 ||     3
 Cast: Beastly Appendage |     7 |       ||     7
       Spider Form       |     3 |     7 ||    10
  Use: Scroll            |       |    12 ||    12
 Stab: Sleeping          |       |     1 ||     1
  Eat: Chunk             |     2 |     8 ||    10
Armor: Robe              |    27 |     7 ||    34
       Leather armour    |       |    33 ||    33
       Skin              |       |     1 ||     1
Dodge: Dodged            |   103 |    95 ||   198

Vault maps used:
D:1:      dpeg_arrival_three_same_balls
D:2:      hex_tiny
D:3:      hangedman_glass_teeth
D:4:      temple_fountains, first_bread
